 Dungeon Crawl Stone Soup version 0.29-a0-775-g4d7333d4e2 (webtiles) character file.

Game seed: 9101014631096640202

3812 buhh the Martial Artist (level 10, -2/71 HPs)
             Began as an Octopode Transmuter on July 2, 2022.
             Was a Follower of Cheibriados.
             Slain by a vampire
             ... wielding a +0 dagger
              (13 damage)
             ... on level 8 of the Dungeon.
             The game lasted 00:21:12 (11934 turns).

buhh the Martial Artist (Octopode Transmuter)      Turns: 11934, Time: 00:21:13

Health: -2/71      AC:  1    Str: 17    XL:     10   Next: 17%
Magic:  13/13      EV: 20    Int: 27    God:    Cheibriados [*.....]
Gold:   175        SH:  0    Dex: 22    Spells: 7/13 levels left

rFire   . . .      SeeInvis .     - Unarmed
rCold   . . .      Faith    .   (no shield)
rNeg    . . .      Spirit   .   (helmet restricted)
rPois   .          Reflect  .   (no amulet)
rElec   .          Harm     .   h - +6 ring of strength
rCorr   +          Rampage  .   j - +6 ring of intelligence
Will    .....                   e - +6 ring of dexterity
Stlth   ++........              b - ring of resist corrosion
HPRegen 0.21/turn               (no ring)
MPRegen 0.13/turn               (no ring)
                                (no ring)
                                (no ring)

@: confused, about to teleport, very slow
A: almost no armour, amphibious, 8 rings, camouflage 1, gelatinous body 1,
(nimble swimmer 1), tentacles
a: Renounce Religion, Bend Time


You were on level 8 of the Dungeon.
You worshipped Cheibriados.
Cheibriados was aware of your devotion.
You visited 2 branches of the dungeon, and saw 9 of its levels.

You collected 397 gold pieces.
You spent 222 gold pieces at shops.

Inventory:

Hand Weapons
 i - the +3 whip of the Dancing Gods {distort, Str+6}
   (You found it on level 2 of the Dungeon)

   It warps and distorts space around it, and may blink, banish, or inflict
   extra damage upon those it strikes.
   Unwielding it can cause banishment or high damage.
   Str:       It affects your strength (+6).
Missiles
 m - a throwing net {!f}
 r - 7 poisoned darts
Jewellery
 b - a ring of resist corrosion (on tentacle)
 e - a +6 ring of dexterity (on tentacle)
 g - an amulet of faith {!P}
 h - a +6 ring of strength (left tentacle)
 j - a +6 ring of intelligence (right tentacle)
Wands
 F - a wand of iceblast (6)
Scrolls
 a - 3 scrolls of noise
 d - 2 scrolls of fear {!r}
 f - 3 scrolls of brand weapon
 n - a scroll of poison {unknown}
 p - a scroll of acquirement {unknown}
 t - 3 scrolls of teleportation {!d}
 P - 5 scrolls of magic mapping {!r!d}
Potions
 k - a potion of flight
 l - a potion of attraction {unknown}
 J - 2 potions of magic {!q!d}
 U - 2 potions of mutation {!d}
 V - a potion of cancellation {!q!d}


   Skills:
 * Level 7.4 Fighting
 - Level 9.0 Dodging
 - Level 2.0 Stealth
 - Level 9.0 Unarmed Combat
 - Level 2.0 Spellcasting
 - Level 2.0 Transmutations
 - Level 2.0 Poison Magic


You had 7 spell levels left.
You knew the following spells:

 Your Spells              Type           Power      Damage    Failure   Level
a - Beastly Appendage     Tmut           26%        N/A       4%          1
b - Wereblood             Tmut           13%        N/A       6%          2
c - Spider Form           Tmut/Pois      13%        N/A       13%         3

Your spell library contained the following spells:

 Spells                   Type           Power      Damage    Failure   Level
 Scorch                   Fire           4%         2d5       14%         2
 Ignite Poison            Fire/Tmut/Pois 9%         N/A       17%         3
 Mephitic Cloud           Conj/Pois/Air  6%         N/A       22%         3
 Ice Form                 Ice/Tmut       8%         N/A       54%         4
 Flame Wave               Conj/Fire      2%         2d4       67%         4
 Freezing Cloud           Conj/Ice/Air   1%         6-21      95%         5
 Summon Cactus Giant      Summ           1%         N/A       100%        6


Dungeon Overview and Level Annotations

Branches:
Dungeon (8/15) Zot: 39473  Temple (1/1) D:7 Zot: 8635
   Lair: D:8-11

Altars:
Ashenzari
Cheibriados
Dithmenos
Elyvilon
Fedhas
Gozag
Hepliaklqana
Makhleb
Okawaru
Sif Muna
Trog
Uskayaw
Vehumet
Xom
Yredelemnul
Zin
The Shining One

Shops:
D:1 =   D:4 :?   D:6 *

Annotations:
D:3 2 transporters, Iamsock's ghost, weakling DsDe
D:4 Sigmund
D:6 Dowan; Duvessa; Menkaure
D:7 3 runed translucent doors, exclusion: centaur, gdog's ghost, novice GnDe


Innate Abilities, Weirdness & Mutations

You cannot wear most types of armour.
You are amphibious.
You can wear up to eight rings at the same time.
Your skin changes colour to match your surroundings (Stealth+).
Your rubbery body absorbs attacks. (AC +1, EV +1)
((You are camouflaged when in or above water. (Stealth+)))
You have tentacles for arms and can constrict up to eight enemies at once.


Message History

You hear some strange, mumbled words.
Something tries to affect you, but you resist.
You hit something. Something hits you! Something closely misses you.
You hit something but do no damage. Something closely misses you.
Something bites you but does no damage.
You hit something. You bite something! Something hits you. Something bites you!
Something draws strength from your injuries!
You hit something but do no damage.
You hear some strange, mumbled words.
You are confused.
You bump into the rock wall.
Your transformation is almost over.
Something draws life force from you!
You see here a +0 whip.
You bump into the rock wall.
Something hits you! Something barely misses you.
You are too confused!
Something hits you! Something barely misses you.
It was a potion of magic.
Magic courses through your body.
J - 2 potions of magic You feel less confused.
Something hits you!
* * * LOW HITPOINT WARNING * * *
Something closely misses you.
Really read
d - 3 scrolls of fear {!r}?
You can't see any enemies this would affect, really read the scroll of fear?
As you read the scroll of fear {!r}, it crumbles to dust.
You assume a fearsome visage.
Nothing appears to happen.
Something completely misses you. Something closely misses you.
Okay, then.
As you read the scroll of teleportation {!d}, it crumbles to dust.
You feel strangely unstable.
You hear some strange, mumbled words.
You are confused.
You closely miss something. Something completely misses you.
Something barely misses you.
You're too confused to move!
Your transformation has ended.
Something hits you!
You die...

#.# #... .# #[#
#..###$# #.###......#
........#Oz
#.##....#†###.#
.##.########.#
#...#.[$..#
....D§§§§[.#<#
#......#.....
.D#.######.#.###..###.#
##.
.......<#[)@{..)...#
........).##....#.....
...####.#.##....# ###.
.. #.#.##....#....
#.#.###........ #...#
#..###...
#..####.......# ...
##.........
#..##.<.....#..


There were no monsters in sight!

Vanquished Creatures
  A two-headed ogre (D:8)
  Pikel (D:7)
  Grinder (D:6)
  A steam dragon (D:8)
  A water moccasin (D:5)
  4 orc warriors
  3 black bears
  An ice beast (D:7)
  An ogre (D:5)
  A lemure (D:7)
  A centaur (D:8)
  A phantom (D:5)
  2 bullfrogs
  5 scorpions
  A gnoll sergeant (D:6)
  A necrophage (D:6)
  A wight (D:8)
  2 jellies
  2 orc priests
  4 hounds
  Terence (D:2)
  4 iguanas
  8 orc wizards
  Robin (D:3)
  3 gnolls (D:6)
  5 adders
  A white imp (D:7)
  An ufetubus (D:4)
  4 worms
  2 dart slugs
  22 orcs
  9 endoplasms
  6 giant cockroaches
  12 goblins
  10 hobgoblins
  4 quokkas
  7 ball pythons
  5 bats
  8 frilled lizards
  3 kobolds
  4 rats
155 creatures vanquished.

Notes
Turn   | Place    | Note
-------+----------+-------------------------------------------
     0 | D:1      | buhh the Octopode Transmuter began the quest for the Orb.
     0 | D:1      | Reached XP level 1. HP: 13/13 MP: 3/3
   355 | D:1      | Reached XP level 2. HP: 18/18 MP: 3/5
   793 | D:1      | Found Yqud's Jewellery Shop.
   896 | D:1      | Found a faded altar of an unknown god.
  1276 | D:2      | Noticed Terence
  1285 | D:1      | Reached XP level 3. HP: 18/25 MP: 6/6
  1709 | D:2      | Killed Terence
  1710 | D:2      | Reached XP level 4. HP: 13/31 MP: 7/7
  2487 | D:2      | Identified the +3 whip of the Dancing Gods {distort, Str+6}
  2613 | D:3      | Noticed Robin
  2799 | D:3      | Reached XP level 5. HP: 20/36 MP: 6/8
  2968 | D:3      | Noticed Iamsock's ghost (weakling DsDe)
  3147 | D:3      | Found a transporter.
  3148 | D:3      | Found a transporter.
  3901 | D:3      | Killed Robin
  4188 | D:4      | Found Cotaar's Book Shoppe.
  4441 | D:4      | Noticed Sigmund
  4446 | D:4      | Learned a level 2 spell: Wereblood
  4450 | D:4      | Learned a level 3 spell: Spider Form
  4723 | D:4      | Found Teguapall's Magic Scroll Emporium.
  4732 | D:4      | Bought a scroll of identify for 28 gold pieces
  4732 | D:4      | Bought a scroll of teleportation for 42 gold pieces
  4732 | D:4      | Bought a scroll of magic mapping for 49 gold pieces
  4732 | D:4      | Bought a scroll of identify for 28 gold pieces
  4846 | D:4      | Reached XP level 6. HP: 43/43 MP: 4/9
  4890 | D:4      | Noticed a black bear
  4902 | D:4      | Killed a black bear
  5453 | D:5      | Entered Level 5 of the Dungeon
  5647 | D:5      | Noticed a black bear
  5658 | D:5      | Killed a black bear
  5659 | D:5      | Reached XP level 7. HP: 33/49 MP: 7/10
  6880 | D:5      | Reached XP level 8. HP: 41/56 MP: 7/11
  7243 | D:5      | Found a blossoming altar of Fedhas.
  7723 | D:6      | Found a glowing golden altar of the Shining One.
  7805 | D:6      | Found Pawiakka's General Store.
  7812 | D:6      | Bought a potion of heal wounds for 75 gold pieces
  8399 | D:6      | Noticed Duvessa
  8399 | D:6      | Noticed Dowan
  8476 | D:6      | Noticed Grinder
  8481 | D:6      | Paralysed by Grinder for 4 turns
  8496 | D:6      | Paralysed by Grinder for 3 turns
  8509 | D:6      | Killed Grinder
  8510 | D:6      | Reached XP level 9. HP: 49/62 MP: 12/12
  9192 | D:6      | Noticed Menkaure
  9665 | D:7      | Found a staircase to the Ecumenical Temple.
  9675 | D:7      | Noticed a +0 falchion
  9676 | D:7      | Noticed a +0 short sword
  9676 | D:7      | Noticed a +0 spear
  9678 | D:7      | Noticed a +0 dagger
  9679 | D:7      | Noticed a +0 dagger
  9679 | D:7      | Noticed a +0 short sword
  9679 | D:7      | Noticed a +0 spear
  9679 | D:7      | Noticed a +0 falchion
  9702 | Temple   | Entered the Ecumenical Temple
  9877 | Temple   | Became a worshipper of Cheibriados the Contemplative
 10480 | D:7      | Found a hide-covered altar of Uskayaw.
 10754 | D:7      | Found a runed translucent gate.
 10754 | D:7      | Found a runed translucent gate.
 10755 | D:7      | Found a runed translucent gate.
 10759 | D:7      | Noticed gdog's ghost (novice GnDe)
 10759 | D:7      | Noticed a kobold demonologist
 10975 | D:8      | Noticed a two-headed ogre
 11172 | D:7      | Noticed Pikel
 11185 | D:7      | Killed Pikel
 11668 | D:8      | Reached * piety under Cheibriados
 11868 | D:8      | Killed a two-headed ogre
 11869 | D:8      | Reached XP level 10. HP: 71/71 MP: 9/13
 11934 | D:8      | Slain by a vampire

Illustrated notes

Levels and vault maps discovered:
D:1:      dpeg_arrival_round_b, layout_loops_ring,
          shapermc_ecumenical_altar_starsandcircs, serial_shops,
          nicolae_diamond_shop, minmay_domino_4
D:2:      layout_rooms, uniq_terence
D:3:      layout_basic, gammafunk_ghost_arena,
          wander_ebering_terrifying_dragon_lair, uniq_robin
D:4:      layout_loops_corners, serial_shops, nicolae_shop_crystal,
          nicolae_shop_advertising_works [nicolae_subvault_shop_adworks],
          sigmund_edmund_badplayer
D:5:      layout_cave_pools, fedhas_altar_4, minmay_misc_feat_room,
          skrybe_limestone_x
D:6:      layout_basic, mainiacjoe_overflow_catwalk, serial_shops,
          nicolae_square_shop, grunt_tough_drop, uniq_menkaure, uniq_duvessa,
          uniq_grinder
D:7:      layout_cave_pods, nicolae_uskayaw_en_pointe,
          minmay_temple_entry_purple_smoke, gammafunk_ghost_nasty_kobolds,
          solitary_fountain, uniq_pikel
D:8:      hangedman_cross_stitches, layout_loops_ring
Temple:   dpeg_five_rooms_temple

Skill      XL: |  1  2  3  4  5  6  7  8  9 |
---------------+----------------------------+-----
Stealth        | 1 2 |  2.0
Fighting       | 2 3 4 5 6 7 |  7.4
Unarmed Combat | 4 5 7 9 |  9.0
Dodging        | 3 4 6 9 |  9.0
Poison Magic   | 1 2 |  2.0
Spellcasting   | |  2.0
Transmutations | |  2.0

Action                   |  1- 3 |  4- 6 |  7- 9 | 10-12 || total
-------------------------+-------+-------+-------+-------++-------
Melee: Unarmed           |    61 |   119 |   226 |    19 ||   425
       Constrict         |    15 |    34 |     9 |       ||    58
       Tentacles         |    12 |    16 |     5 |       ||    33
       Kick              |     9 |    38 |     9 |       ||    56
       Punch             |     3 |     3 |     1 |       ||     7
 Cast: Beastly Appendage |    18 |    47 |    13 |       ||    78
       Spider Form       |       |     3 |    36 |     1 ||    40
       Wereblood         |       |       |     1 |       ||     1
Evoke: Wand              |       |       |    10 |       ||    10
  Use: Scroll            |     2 |     6 |     6 |     2 ||    16
       Potion            |     1 |       |     6 |     1 ||     8
 Stab: Sleeping          |     3 |    10 |     5 |       ||    18
Armor: Skin              |     8 |     8 |     5 |     1 ||    22
Dodge: Dodged            |    36 |    83 |   221 |    19 ||   359

Table legend: (Time is in decaauts)
 A = Elapsed time spent in this place.
 B = Non-inter-level travel time spent in this place.
 C = Inter-level travel time spent in this place.
 D = Time resting spent in this place.
 E = Time spent auto-exploring this place.
 F = Levels seen in this place.
 G = Mean time per level.
                   A        B        C        D        E       F      G
               +--------+--------+--------+--------+--------+-----+--------+
         Total |  12164 |  11566 |    598 |   3170 |   6803 |   9 | 1351.6 |
       Dungeon |  11886 |  11385 |    501 |   3170 |   6641 |   8 | 1485.8 |
        Temple |    278 |    181 |     97 |      0 |    162 |   1 |  278.0 |
               +--------+--------+--------+--------+--------+-----+--------+

Top non-repeatable levels by time:
     D:6: 2850 daAuts
     D:7: 2156 daAuts
     D:1: 1585 daAuts
     D:4: 1403 daAuts
     D:3: 1304 daAuts
     D:5: 1257 daAuts
     D:2: 1147 daAuts
  Temple: 278 daAuts
     D:8: 180 daAuts
